 Dungeon Crawl Stone Soup version 0.20.0-15-g7f486f2 (webtiles) character file.

327 galech the Skirmisher (level 6, 0/66 HPs)
             Began as an Ogre Fighter on June 26, 2017.
             Was an Initiate of Okawaru.
             Slain by a goblin (4 damage)
             ... led by Robin
             ... on level 3 of the Dungeon.
             The game lasted 00:07:00 (5160 turns).

galech the Skirmisher (Ogre Fighter)                Turns: 5160, Time: 00:07:00

Health: 0/66       AC:  3    Str: 23    XL:     6   Next: 50%
Magic:  6/6        EV:  9    Int:  9    God:    Okawaru [......]
Gold:   192        SH:  9    Dex:  8    Spells: 5/5 levels left

rFire    . . .     SeeInvis .   a - +0 flail
rCold    . . .     Gourm    .   c - +0 shield
rNeg     . . .     Faith    .   b - +0 robe
rPois    .         Spirit   .   (helmet restricted)
rElec    .         Reflect  .   (no cloak)
rCorr    .         Harm     .   (gloves unavailable)
MR       .....                  (boots unavailable)
Stlth    +.........             (no amulet)
Regen    0.3/turn               (no ring)
MPRegen  0.1/turn               (no ring)

@: no status effects
A: unfitting armour, tough skin 1
a: Renounce Religion


You were on level 3 of the Dungeon.
You worshipped Okawaru.
Okawaru was noncommittal.
You were hungry.

You visited 1 branch of the dungeon, and saw 4 of its levels.

You collected 192 gold pieces.

Inventory:

Hand Weapons
 a - a +0 flail (weapon)
Missiles
 i - 3 large rocks (quivered)
Armour
 b - a +0 robe (worn)
 c - a +0 shield (worn)
Scrolls
 h - 4 scrolls of amnesia {unknown}
 j - a scroll of noise {unknown}
 k - a scroll of remove curse {unknown}
 l - 3 scrolls of enchant armour {unknown}
 m - 2 scrolls of teleportation {unknown}
 p - 3 scrolls of identify {unknown}
 s - 2 scrolls of random uselessness {unknown}
 v - a scroll of recharging {unknown}
 w - a scroll of blinking {unknown}
Potions
 d - 3 potions of might
 e - a potion of haste {unknown}
 n - a potion of ambrosia {unknown}
 o - a potion of curing
 r - a potion of heal wounds {unknown}
 u - a potion of mutation {unknown}
Books
 y - a book of Maledictions

   Spells                             Type                      Level
   a - Corona                         Hexes                        1
   b - Ensorcelled Hibernation        Hexes/Ice                    2
   c - Confuse                        Hexes                        3
   d - Tukima's Dance                 Hexes                        3
   e - Dazzling Spray                 Conjuration/Hexes            3
Comestibles
 f - 2 bread rations
 g - 2 royal jellies
 q - 5 fruits
 t - 2 meat rations
 x - 2 chunks of flesh


   Skills:
 + Level 5.4 Fighting
 + Level 3.9 Maces & Flails
 + Level 0.6 Throwing
 + Level 3.4 Dodging
 + Level 1.0 Stealth
 + Level 3.6 Shields


You had 5 spell levels left.
You didn't know any spells.

Dungeon Overview and Level Annotations

Branches:
Dungeon (4/15)
 Temple: D:4-7

Altars:
Dithmenos
Gozag
Makhleb
Okawaru
Qazlal
Yredelemnul


Innate Abilities, Weirdness & Mutations

You are too large for most types of armour.
You have tough skin. (AC +1)


Message History

There is a stone staircase leading down here.
You barely miss Robin.
Robin is severely wounded.
The goblin no longer looks unusually strong.
You block the hobgoblin's attack. The goblin hits you but does no damage.
Robin misses you. The hobgoblin hits you with a club.
* * * LOW HITPOINT WARNING * * *
You thump Robin!
You kill Robin!
Okawaru accepts your kill. The goblin hits you but does no damage.
You block the hobgoblin's attack.
You sock the goblin!
You kill the goblin!
Okawaru accepts your kill. The goblin hits you.
* * * LOW HITPOINT WARNING * * *
The hobgoblin hits you with a club!
* * * LOW HITPOINT WARNING * * *
The goblin hits you.
You die...

## ##### ##### ##P #########...#
#...# ##PP #...........# #...#
#.P# ............# #...# ###.#
..........### #...# #.##.
..........# ####..)### ##.#.
..........# #@)......######...
..........# #gg......##..#≈≈≈≈
..........######........##..#≈≈≈≈
..............##........##..#..≈≈
.............(((.(......##..#.#≈≈
.######.##.#####....(.[.##..####.
...........#####........##....#..
#######.......##........##.......
#.......#....#####.###..........


You could see a hobgoblin and a goblin.

Vanquished Creatures
  2 orc wizards (D:3)
  A worker ant (D:3)
  Robin (D:3)
  3 gnolls
  8 adders
  An ooze (D:1)
  A worm (D:2)
  2 dart slugs
  A leopard gecko (D:1)
  11 orcs
  A ball python (D:2)
  7 bats
  2 giant cockroaches
  19 goblins
  10 hobgoblins
  10 jackals
  11 kobolds
  3 quokkas
  11 frilled lizards
  A jackal skeleton (D:4)
  5 rats
111 creatures vanquished.

Notes
Turn   | Place    | Note
-------+----------+-------------------------------------------
     0 | D:1      | galech the Ogre Fighter began the quest for the Orb.
     0 | D:1      | Reached XP level 1. HP: 24/24 MP: 1/1
   211 | D:1      | Reached XP level 2. HP: 22/33 MP: 2/2
   368 | D:1      | HP: 1/33 [leopard gecko (3)]
   934 | D:1      | Reached XP level 3. HP: 29/40 MP: 3/3
  1714 | D:2      | Reached XP level 4. HP: 24/49 MP: 4/4
  2628 | D:3      | Reached XP level 5. HP: 55/55 MP: 5/5
  3376 | D:3      | Reached skill level 5 in Fighting
  4091 | D:3      | Reached XP level 6. HP: 13/66 MP: 6/6
  4409 | D:3      | Reached skill level 1 in Stealth
  4452 | D:3      | Found a basalt altar of Yredelemnul.
  4452 | D:3      | Found an iron altar of Okawaru.
  4452 | D:3      | Found a burning altar of Makhleb.
  4452 | D:3      | Found a shadowy altar of Dithmenos.
  4674 | D:3      | Found a stormy altar of Qazlal.
  4680 | D:3      | Became a worshipper of Warmaster Okawaru
  4685 | D:3      | Found an opulent altar of Gozag.
  4904 | D:4      | Noticed Robin
  5159 | D:3      | Killed Robin
  5160 | D:3      | Slain by a goblin

Skill      XL: |  1  2  3  4  5  6 |
---------------+-------------------+-----
Shields        | 3 |  3.6
Maces & Flails | 2 3 |  3.9
Dodging        | 3 |  3.4
Fighting       | 5 |  5.4
Stealth        | 1 |  1.0
Throwing       | |  0.6

Action                   |  1- 3 |  4- 6 || total
-------------------------+-------+-------++-------
Melee: Flail             |   142 |   313 ||   455
Throw: Large rock        |    15 |     7 ||    22
  Eat: Chunk             |     3 |    11 ||    14
Armor: Robe              |    41 |    83 ||   124
Dodge: Dodged            |    65 |   156 ||   221
Block: Shield            |    84 |   200 ||   284
